 Dungeon Sprint DCSS version 0.29-a0-653-gd47aff6735 (webtiles) character file.

Game seed: 7135682642056489500

0 purpskrrrp the Stinger (level 1, -4/21 HPs)
             Began as a Naga Wanderer on June 22, 2022.
             Slain by a river rat (5 damage)
             ... in the Dungeon (Sprint IV: "Fedhas' Mad Dash").
             The game lasted 00:01:08 (14 turns).

purpskrrrp the Stinger (Naga Wanderer)                Turns: 14, Time: 00:01:09

Health: -4/21      AC:  1    Str: 16    XL:     1   Next: 10%
Magic:  1/2        EV:  9    Int: 14    God:
Gold:   0          SH:  0    Dex:  6    Spells: 1/2 levels left

rFire   . . .      SeeInvis +   a - +3 hand crossbow
rCold   . . .      Faith    .   (no shield)
rNeg    . . .      Spirit   .   c - +0 leather armour
rPois   +          Reflect  .   (no helmet)
rElec   .          Harm     .   (no cloak)
rCorr   .          Rampage  .   (no gloves)
Will    .....      NoTele   +   (no barding)
Stlth   +.........              (no amulet)
HPRegen 0.07/turn               (no ring)
MPRegen 0.08/turn               (no ring)

@: very slow
A: AC +0, large, see invisible, deformed body, poison resistance, slowness 2,
spit poison 1, naga tail 1
a: Spit Poison


You were in the Dungeon.
You visited 1 branch

Inventory:

Hand Weapons
 a - a +3 hand crossbow (weapon)
Armour
 c - a +0 leather armour (worn)
Scrolls
 h - a scroll of blinking
Potions
 b - 2 potions of haste
 d - a potion of curing
 e - a potion of heal wounds
 f - 2 potions of magic
 g - a potion of berserk rage


   Skills:
 + Level 3.0 Fighting
 + Level 1.7 Crossbows
 + Level 1.0 Armour
 + Level 1.0 Dodging
 + Level 1.0 Spellcasting
 + Level 3.5 Poison Magic


You had one spell level left.
You knew the following spells:

 Your Spells              Type           Power      Damage    Failure   Level
a - Sting                 Tmut/Pois      20%        1d4       16%         1

Your spell library contained the following spells:

 Spells                   Type           Power      Damage    Failure   Level
 Spider Form              Tmut/Pois      5%         N/A       43%         3


Dungeon Overview and Level Annotations

Branches:
Dungeon (1/1)

Altars:


Innate Abilities, Weirdness & Mutations

Your serpentine skin is tough. (AC +0)
You have supernaturally acute eyesight. (SInv)
Armour fits poorly on your strangely shaped body.
Your system is resistant to poisons. (rPois)
You cover ground very slowly.
You can spit poison.
You have a snake-like lower body.


Message History

You kill the rat!
Your Poison Magic skill increases to level 3!
Really attack while wielding your +3 hand crossbow? [Y]es or [N]o only, please.
Really attack while wielding your +3 hand crossbow?
Okay, then.
Aiming: Spit Poison (3% risk of failure)
Press: ? - help, Shift-Dir - straight line, f - river rat
Aim: a river rat (lightly wounded, poisoned, 48% to hit)
The splash of poison misses the river rat.
The river rat closely misses you.
Really attack while wielding your +3 hand crossbow?
You clumsily bash the river rat but do no damage.
The river rat is moderately wounded.
The river rat closely misses you. The river rat misses you.
You clumsily bash the river rat but do no damage.
The river rat is moderately wounded.
The river rat bites you!
You closely miss the river rat.
The river rat is moderately wounded.
The river rat looks more healthy.
The river rat bites you. The river rat bites you!
* * * LOW HITPOINT WARNING * * *
You clumsily bash the river rat but do no damage.
The river rat is heavily wounded.
You have got your breath back.
The river rat barely misses you.
You closely miss the river rat.
The river rat is heavily wounded.
The river rat bites you.
* * * LOW HITPOINT WARNING * * *
The river rat bites you.
* * * LOW HITPOINT WARNING * * *
You clumsily bash the river rat but do no damage.
The river rat is heavily wounded.
The river rat closely misses you.
You clumsily bash the river rat but do no damage.
The river rat is heavily wounded.
The river rat barely misses you. The river rat bites you.
You die...

###### #####
#<..P#.†...#
#PP.@r.$...+
#PPPP#.....#
###### #####


You could see a river rat.

Vanquished Creatures
  A rat (D)
1 creature vanquished.

Notes
Turn   | Place    | Note
-------+----------+-------------------------------------------
     0 | D        | purpskrrrp the Naga Wanderer began the quest for the Orb.
     0 | D        | purpskrrrp set off with the following items: a +3 hand
                  | crossbow, 2 potions of haste, a +0 leather armour, a potion
                  | of curing, a potion of heal wounds, 2 potions of magic, a
                  | potion of berserk rage, a scroll of blinking; and the
                  | following spell memorised: Sting; and the following spells
                  | available to memorise: Spider Form.
     0 | D        | Reached XP level 1. HP: 21/21 MP: 2/2
    12 | D        | HP: 1/21 [river rat (5)]
    14 | D        | Slain by a river rat

Illustrated notes

Levels and vault maps discovered:
D:        dungeon_sprint_fedhas [sprint_temple]

Skill      XL: |  1 |
---------------+----+-----
Poison Magic   | 3 |  3.5
Fighting       | |  3.0
Crossbows      | |  1.7
Armour         | |  1.0
Dodging        | |  1.0
Spellcasting   | |  1.0

Action                   || total
-------------------------++-------
Melee: Hand crossbow     ||     7
 Cast: Sting             ||     2
 Abil: Spit Poison       ||     1
Dodge: Dodged            ||     6

Table legend: (Time is in decaauts)
 A = Elapsed time spent in this place.
 B = Non-inter-level travel time spent in this place.
 C = Inter-level travel time spent in this place.
 D = Time resting spent in this place.
 E = Time spent auto-exploring this place.
 F = Levels seen in this place.
 G = Mean time per level.
                   A        B        C        D        E       F      G
               +--------+--------+--------+--------+--------+-----+--------+
         Total |     18 |     18 |      0 |      0 |      4 |   1 |   18.0 |
       Dungeon |     18 |     18 |      0 |      0 |      4 |   1 |   18.0 |
               +--------+--------+--------+--------+--------+-----+--------+

Top non-repeatable levels by time:
       D: 18 daAuts
